 Dungeon Crawl Stone Soup version 0.23.2-40-g277498a (webtiles) character file.

Game seed: 17936519329841109649

167 Balder the Shield-Bearer (level 5, 0/36 HPs)
             Began as a Halfling Fighter on Sept 15, 2019.
             Slain by a wight
             ... wielding a +0 dire flail
              (12 damage)
             ... on level 2 of the Dungeon.
             The game lasted 00:04:00 (1105 turns).

Balder the Shield-Bearer (Halfling Fighter)         Turns: 1105, Time: 00:04:01

Health: 0/36       AC:  7    Str: 22    XL:     5   Next: 76%
Magic:  5/5        EV: 10    Int: 11    God:
Gold:   37         SH: 10    Dex: 15    Spells: 4/4 levels left

rFire    . . .     SeeInvis .   a - +0 long sword
rCold    . . .     Gourm    .   c - +0 shield
rNeg     . . .     Faith    .   b - +0 scale mail
rPois    .         Spirit   .   (no helmet)
rElec    .         Reflect  .   (no cloak)
rCorr    .         Harm     .   (no gloves)
MR       .....                  (no boots)
Stlth    ..........             (no amulet)
HPRegen  0.12/turn              (no ring)
MPRegen  0.09/turn              (no ring)

@: mighty, brilliant, lightly drained
A: small, mutation resistance 1
a: no special abilities


You were on level 2 of the Dungeon.
You were hungry.

You visited 1 branch of the dungeon, and saw 2 of its levels.

You collected 37 gold pieces.

Inventory:

Hand Weapons
 a - a +0 long sword (weapon)
Armour
 b - a +0 scale mail (worn)
 c - a +0 shield (worn)
Jewellery
 r - an uncursed ring of protection from fire {unknown}
Scrolls
 j - a scroll of remove curse {unknown}
 k - 2 scrolls of identify {unknown}
 l - a scroll of fear {unknown}
 n - a scroll of magic mapping {unknown}
 o - a scroll of fog {unknown}
 q - a scroll of blinking {unknown}
Potions
 e - a potion of resistance {unknown}
 g - 2 potions of curing
 i - a potion of brilliance
 m - a potion of degeneration {unknown}
 p - a potion of haste {unknown}
 s - a potion of ambrosia {unknown}
Comestibles
 f - 4 rations
 h - 6 chunks of flesh


   Skills:
 * Level 3.2(2.9) Fighting
 * Level 3.4(3.2) Long Blades
 * Level 4.0(3.7) Armour
 * Level 1.1(0.9) Dodging
 * Level 1.2(1.0) Stealth
 * Level 4.1(3.8) Shields


You had 4 spell levels left.
You didn't know any spells.
Your spell library was empty.

Dungeon Overview and Level Annotations

Branches:
Dungeon (2/15)

Altars:
Ashenzari


Innate Abilities, Weirdness & Mutations

You are small and have problems with some larger weapons.
You are somewhat resistant to further mutation.


Message History

The wight is almost destroyed.
The wight misses you.
You barely miss the wight.
The wight is almost destroyed.
You block the wight's attack.
You barely miss the wight.
The wight is almost destroyed.
You block the wight's attack.
The wight hits you with a cursed +0 short sword.
You feel drained.
Some of the chunks of flesh in your inventory have rotted away.
You barely miss the wight.
The wight is almost destroyed.
You block the wight's attack.
You slash the wight!
You destroy the wight!
You slash the wight!
The wight is heavily damaged.
The wight hits you with a +0 dire flail!
You die...

##....................# #.......
##.................รท..# #.......
.............#.....#####+#.......
....<........#.....####..........
..........z..#...#...............
...#.............#)..............
...#.......z...###...............
...............#.'...............
.............z.#@#...............
..(..###.......#z####+#...###....
.....# #........w# #...# #....
###### #.......### #.(.# #....
#######.<# ##### #.... ####
#####.... .........# ##########


You could see a worm and a wight.

Vanquished Creatures
  2 wights (D:2)
  A hound (D:2)
  2 gnolls
  An adder (D:2)
  An ooze (D:1)
  2 dart slugs
  A leopard gecko (D:1)
  2 giant cockroaches (D:1)
  3 goblins (D:2)
  3 hobgoblins
  3 bats
  A frilled lizard (D:2)
  2 kobolds (D:2)
  2 rats
26 creatures vanquished.

Notes
Turn   | Place    | Note
-------+----------+-------------------------------------------
     0 | D:1      | Balder the Halfling Fighter began the quest for the Orb.
     0 | D:1      | Reached XP level 1. HP: 15/15 MP: 1/1
    31 | D:1      | Reached XP level 2. HP: 20/20 MP: 2/2
   578 | D:1      | Reached XP level 3. HP: 25/25 MP: 3/3
   733 | D:1      | Found a shattered altar of Ashenzari.
   968 | D:2      | Reached XP level 4. HP: 26/31 MP: 4/4
  1083 | D:2      | HP: 1/31 [hound (1)]
  1098 | D:2      | Reached skill level 1 in Dodging
  1098 | D:2      | Reached skill level 1 in Stealth
  1098 | D:2      | Reached XP level 5. HP: 16/36 MP: 5/5
  1105 | D:2      | Slain by a wight

Skill      XL: |  1  2  3  4 |
---------------+-------------+-----
Fighting       | 3 |  3.2
Long Blades    | 3 |  3.4
Armour         | 4 |  4.0
Dodging        | 1 |  1.1
Stealth        | 1 |  1.2
Shields        | 4 |  4.1

Action                   |  1- 3 |  4- 6 || total
-------------------------+-------+-------++-------
Melee: Long sword        |    49 |    24 ||    73
  Use: Potion            |       |     4 ||     4
Armor: Scale mail        |    22 |    12 ||    34
Dodge: Dodged            |    23 |    16 ||    39
Block: Shield            |    36 |    31 ||    67
       Rpst.: Long sword |    11 |     3 ||    14
